AoeStats
← kamolenko

Hideout

509639175Analyzed
1v1 RM · 5d ago on Sep 27, 2026· 50m 57s· 2 players
Game mode
Random Map
Map size
Tiny (2 player)
Population
200
Speed
Normal
Resources
Standard
Victory
Conquest
Starting age
Dark Age
Ending age
Imperial Age
RankedLock teamsTeams togetherTeam positionsShared explorationLock speedFull tech treeHidden civsTurbo modeCheats
Victory
Defeat
🇵🇱 Britons · Poland
799
+17
🇨🇿 Armenians · Czechia
822
-17
kamolenko
2:09 Loom
2:19 Loom
3:58 Loom
11:13 Feudal Age
15:06 Castle Age
13:11 Double-Bit Axe
13:09 Horse Collar
14:11 Gold Mining
14:11 Stone Mining
19:02 Wheelbarrow
23:13 Gold Shaft Mining
23:00 Town Watch
23:52 Hand Cart
24:07 Bow Saw
27:34 Town Patrol
32:37 Imperial Age
31:18 Heavy Plow
31:11 Fletching
31:22 Padded Archer Armor
32:13 Yeomen
32:08 Bodkin Arrow
33:29 Leather Archer Armor
32:42 Elite Longbowman
33:48 Conscription
33:54 Bracer
35:35 Two-Man Saw
36:45 Fortified Wall
36:32 Murder Holes
37:39 Chemistry
37:00 Ballistics
36:51 Masonry
36:47 Siege Engineers
38:24 Ring Archer Armor
38:07 Onager
COUNT48
11:53 Feudal Age
12:26 Double-Bit Axe
12:35 Gold Mining
12:29 Horse Collar
19:32 Castle Age
17:38 Man-at-Arms
18:04 Arson
18:25 Scale Mail Armor
18:52 Long Swordsman
19:45 Forging
20:36 Wheelbarrow
20:21 Heavy Plow
21:02 Gambesons
21:20 Squires
20:41 Two-Handed Swordsman
22:37 Fervor
24:51 Hand Cart
25:16 Gold Shaft Mining
24:56 Bow Saw
25:15 Champion
28:34 Iron Casting
28:14 Chain Mail Armor
32:50 Stone Mining
41:13 Imperial Age
42:08 Fereters
42:24 Conscription
44:19 Blast Furnace
43:49 Plate Mail Armor
45:51 Hoardings
46:08 Fletching
46:50 Scale Barding Armor
47:04 Bloodlines
46:55 Husbandry
46:16 Cavalier
Connection lost

Rejoining the realm…

Still unreachable

The connection could not be restored.

Session expired

The server has moved on; the page needs a fresh start.